Get step-by-step instructions on how to execute this build order below. Start the game timer, and the build order will tick by so you can play in parallel with StarCraft on a second screen or mobile device.

Game Time

  0:00

Last Step

  N/A

Next Step

Upcoming Step



Don't want to look back and forth between 2 screens? Try out our Overwolf App, the Spawning Tool Build Advisor to get an in-game overlay with this build!

Complete Build Order

  12  0:00  SCV  
  13  0:12  SCV  
  14  0:16  Supply Depot  
  14  0:24  SCV  
  15  0:38  SCV  
  15  0:40  Barracks  
  16  0:43  Refinery  
  16  0:50  SCV  
  16  0:52  Refinery  
  17  1:02  SCV  
  18  1:14  SCV  
  19  1:27  Orbital Command, Reaper  
  19  1:28  Supply Depot  
  20  1:42  Factory  
  20  1:52  SCV  
  21  1:59  Barracks Reactor  
  21  2:04  SCV  
  22  2:17  SCV  
  22  2:21  Command Center  
  23  2:28  Cyclone  
  23  2:29  SCV  
  26  2:41  SCV, Starport  
  27  2:49  Supply Depot  
  27  2:54  SCV  
  28  3:00  Factory Tech Lab  
  28  3:06  SCV  
  28  3:07  Refinery  
  29  3:18  Siege Tank, SCV  
  29  3:19  Starport Tech Lab  
  33  3:30  SCV  
  33  3:33  Orbital Command  
  34  3:38  Raven  
  36  3:42  SCV  
  37  3:54  Command Center  
  37  3:56  SCV  
  37  4:00  SCV  
  39  4:07  Siege Tank  
  39  4:08  SCV  
  43  4:12  SCV  
  43  4:13  Raven  
  46  4:17  Supply Depot  
  46  4:20  SCV  
  46  4:23  Marine  
  48  4:24  Marine, SCV  
  48  4:28  Interference Matrix  
  50  4:32  SCV  
  50  4:36  SCV, Supply Depot  
  52  4:39  Siege Tank  
  52  4:44  SCV  
  55  4:48  SCV  
  55  4:49  Marine  
  55  4:50  Marine  
  53  4:56  SCV  
  54  5:00  SCV  
  54  5:07  Marine  
  54  5:08  Command Center, SCV  
  54  5:11  Siege Tank  
  54  5:12  Raven, SCV  
  62  5:19  Supply Depot, Refinery  
  62  5:20  SCV  
  63  5:22  Marine  
  63  5:24  SCV  
  63  5:25  Marine  
  66  5:30  Starport  
  66  5:32  SCV  
  67  5:36  SCV  
  68  5:44  Siege Tank, SCV  
  68  5:45  Supply Depot  
  72  5:50  SCV  
  72  5:57  Viking x2, SCV  
  74  6:01  Supply Depot  
  78  6:07  Viking  
  78  6:08  SCV, Supply Depot  
  78  6:09  SCV  
  82  6:16  Siege Tank  
  85  6:20  SCV  
  85  6:22  Orbital Command  
  85  6:23  SCV  
  87  6:27  Viking  
  87  6:29  Viking  
  87  6:30  Supply Depot  
  87  6:31  Supply Depot  
  91  6:33  Marine, SCV  
  91  6:35  SCV  
  91  6:39  Viking  
  96  6:43  Orbital Command  
  96  6:45  SCV  
  97  6:48  Siege Tank  
  97  6:49  SCV  
  101  6:57  Marine, SCV  
  101  7:01  Viking, SCV  
  105  7:03  Liberator  
  109  7:09  SCV x2  
  109  7:12  Refinery  
  109  7:13  SCV  
  109  7:15  Marine, Refinery  
  112  7:20  Siege Tank  
  112  7:21  SCV x2  
  118  7:26  Viking  
  118  7:28  SCV  
  121  7:39  SCV  
  111  7:46  Marine  
  107  7:52  Siege Tank  
  107  7:54  Viking x2  
  110  7:59  SCV  
  110  8:00  SCV  
  93  8:07  Marine  
  93  8:11  SCV  
  93  8:12  SCV  
  86  8:23  SCV  
  86  8:24  Siege Tank, SCV  
  85  8:35  SCV  
  85  8:36  SCV  
  87  8:47  SCV  
  89  8:48  SCV  
  89  8:56  Siege Tank  
  89  8:59  SCV  
  89  9:00  SCV  
  94  9:11  SCV  
  94  9:12  SCV  
  96  9:20  Marine  
  96  9:23  Command Center, SCV  
  98  9:24  SCV  
  98  9:25  Barracks  
  96  9:41  Siege Tank  
  89  9:52  Marine  
  70  9:54  SCV  
  70  9:56  SCV  
  65  10:00  Viking x2  
  65  10:06  SCV  
  67  10:08  SCV  
  67  10:10  Marine  
  67  10:11  Viking  
  67  10:14  Marine  
  69  10:18  Siege Tank  
  69  10:19  SCV  
  69  10:20  SCV  
  73  10:28  Marine  
  74  10:31  SCV  
  74  10:32  Marine  
  74  10:33  SCV  
  81  10:35  SCV